 Dungeon Crawl Stone Soup version 0.25-a0-647-gd602d06 (webtiles) character file.

Game seed: 8733432691166624944, levelgen mode: deterministic

628 Faca the Skirmisher (level 7, 0/58 HPs)
             Began as a Human Fighter on Mar 21, 2020.
             Was an Initiate of Okawaru.
             Slain by an adder (2 damage)
             ... on level 5 of the Dungeon.
             The game lasted 00:10:09 (5197 turns).

Faca the Skirmisher (Human Fighter)                 Turns: 5197, Time: 00:10:09

Health: 0/58       AC: -5    Str: 18    XL:     7   Next: 77%
Magic:  7/7        EV:  4    Int:  8    God:    Okawaru [......]
Gold:   186        SH:  9    Dex: 13    Spells: 6/6 levels left

rFire    . . .     SeeInvis .   a - +1 long sword
rCold    . . .     Gourm    .   c - +0 kite shield
rNeg     . . .     Faith    .   m - +0 chain mail (curse)
rPois    .         Spirit   .   i - +0 helmet
rElec    .         Reflect  .   (no cloak)
rCorr    .         Harm     .   (no gloves)
MR       .....                  (no boots)
Stlth    ..........             (no amulet)
HPRegen  0.19/turn              (no ring)
MPRegen  0.10/turn              (no ring)

@: lethally poisoned (0 -> -1), corroded
A: no striking features
a: Renounce Religion


You were on level 5 of the Dungeon.
You worshipped Okawaru.
Okawaru was noncommittal.
You were not hungry.

You visited 1 branch of the dungeon, and saw 5 of its levels.

You collected 186 gold pieces.

Inventory:

Hand Weapons
 a - a +1 long sword (weapon)
Armour
 c - a +0 kite shield (worn)
 i - a +0 helmet (worn)
 m - a cursed +0 chain mail (worn)
Wands
 r - a wand of flame (22)
Scrolls
 b - a scroll of identify
 g - a scroll of enchant weapon
 j - 2 scrolls of remove curse
 o - 3 scrolls of teleportation
Potions
 d - 2 potions of might
 e - 3 potions of flight
 k - a potion of haste
 n - 2 potions of curing
 p - a potion of mutation
Comestibles
 f - 11 rations


   Skills:
 + Level 6.3 Fighting
 + Level 5.8 Long Blades
 - Level 3.0 Armour
 - Level 3.0 Shields


You had 6 spell levels left.
You didn't know any spells.
Your spell library was empty.

Dungeon Overview and Level Annotations

Branches:
Dungeon (5/15)
 Temple: D:4-7

Altars:
Fedhas
Okawaru
Ru
Wu Jian
Xom


Message History

An orc comes into view. It is wielding a -3 quarterstaff.
The adder bites you.
* * * LOW HITPOINT WARNING * * *
The orc shouts!
You hear a loud, deep croak!
You feel sick. The adder bites you.
* * * LOW HITPOINT WARNING * * *
You block the ogre's attack.
* * * LOW HITPOINT WARNING * * *
You feel sick. The adder bites you.
* * * LOW HITPOINT WARNING * * *
You feel much better.
The ogre hits you with a +0 giant spiked club!!
* * * LOW HITPOINT WARNING * * *
You block the adder's attack.
The iguana hisses menacingly.
The orc hits you but does no damage.
* * * LOW HITPOINT WARNING * * *
You feel sick. The adder bites you.
You die...

.###########.# .
...........#.# #. .
.............# #.###.
.#####.###...# #..#. .!.....#
##..# #..## . .####..# #..#
#...## ## ..# .# #..# ##.##
#....###.#..#
.####.<#####..####J.........#
................@SOl....>##.#
.......#####...###o..###....#
####....####.#.# ##### #.####
# #....+...<#.## #.# #
#....####.#..##### #.# #
##....# #.##.#...####.##
#....#####.##.......†.!.#
#.......†.........††....#
...........#.###...#......#


You could see an ogre, an iguana, a jelly, an adder and an orc.

Vanquished Creatures
  An ogre (D:4)
  Blork the orc (D:4)
  2 scorpions
  A crimson imp (D:3)
  A jelly (D:5)
  A hound (D:5)
  An orc wizard (D:3)
  An iguana (D:3)
  2 worker ants
  A hound skeleton (D:5)
  9 adders
  3 worms
  3 dart slugs (D:1)
  3 leopard geckos
  5 orcs
  3 ball pythons
  5 giant cockroaches
  7 goblins
  4 hobgoblins
  6 jackals
  A quokka (D:3)
  6 bats
  3 frilled lizards
  9 kobolds
  6 rats
85 creatures vanquished.

Vanquished Creatures (others)
  A frilled lizard (D:4)
1 creature vanquished.

Grand Total: 86 creatures vanquished

Notes
Turn   | Place    | Note
-------+----------+-------------------------------------------
     0 | D:1      | Faca the Human Fighter began the quest for the Orb.
     0 | D:1      | Reached XP level 1. HP: 18/18 MP: 1/1
     2 | D:1      | Noticed an elf
     2 | D:1      | Noticed a demonspawn
     4 | D:1      | Noticed a ghoul
     4 | D:1      | Noticed a tengu
     6 | D:1      | Noticed a spriggan
     6 | D:1      | Noticed a vine stalker
     9 | D:1      | Noticed a draconian
     9 | D:1      | Noticed a troll
    11 | D:1      | Noticed a gargoyle
    11 | D:1      | Noticed a merfolk
    13 | D:1      | Noticed a human
    13 | D:1      | Noticed a dwarf
    15 | D:1      | Noticed a minotaur
    15 | D:1      | Noticed a halfling
    19 | D:1      | Noticed a naga
    19 | D:1      | Noticed a felid
    21 | D:1      | Noticed an octopode
    23 | D:1      | Noticed a vampire
    25 | D:1      | Noticed an ogre
    25 | D:1      | Noticed a centaur
    27 | D:1      | Noticed a formicid
    27 | D:1      | Noticed a demigod
   343 | D:1      | Reached XP level 2. HP: 19/24 MP: 2/2
   512 | D:1      | Reached XP level 3. HP: 18/29 MP: 3/3
   779 | D:1      | You fall into a shaft and drop 1 floor!
  1597 | D:2      | Reached XP level 4. HP: 37/37 MP: 4/4
  2064 | D:3      | Found a blossoming altar of Fedhas.
  2069 | D:3      | Reached skill level 4 in Fighting
  2283 | D:3      | Reached XP level 5. HP: 39/42 MP: 5/5
  2824 | D:3      | Reached XP level 6. HP: 16/50 MP: 6/6
  3272 | D:3      | Reached skill level 5 in Fighting
  3746 | D:4      | Found a sacrificial altar of Ru.
  4073 | D:4      | Found an iron altar of Okawaru.
  4081 | D:4      | Became a worshipper of Warmaster Okawaru
  4097 | D:4      | Reached skill level 5 in Long Blades
  4150 | D:4      | Reached XP level 7. HP: 56/56 MP: 7/7
  4168 | D:4      | Found a shimmering altar of Xom.
  4235 | D:4      | Found an ornate altar of the Wu Jian Council.
  4455 | D:4      | Noticed Blork the orc
  4466 | D:4      | Killed Blork the orc
  4777 | D:4      | Reached skill level 6 in Fighting
  5061 | D:5      | Entered Level 5 of the Dungeon
  5193 | D:5      | HP: 2/58 [poisoned by an adder]
  5197 | D:5      | Slain by an adder

Levels and vault maps discovered:
D:1:      kb_arrival_jail, layout_basic
D:2:      layout_loops_corners, serial_forest, infiniplex_forest_lined_corner,
          infiniplex_forest_clump_curved, infiniplex_forest_straight_4,
          infiniplex_forest_lined_corner, infiniplex_forest_clump_double,
          infiniplex_forest_fountain
D:3:      layout_loops_cross, nicolae_overflow_hidden_temple, first_ration
D:4:      layout_gridville, nicolae_ru_sacrificial_ziggurat,
          xom_confusion_cloud, marbit_many_paths, okawaru_trees_2,
          uniq_blork_the_orc
D:5:      layout_basic, minmay_ruined_shrine, uniq_duvessa

Skill      XL: |  1  2  3  4  5  6  7 |
---------------+----------------------+-----
Long Blades    | 3 4 5 |  5.8
Fighting       | 4 5 6 |  6.3
Armour         | |  3.0
Shields        | |  3.0

Action                   |  1- 3 |  4- 6 |  7- 9 || total
-------------------------+-------+-------+-------++-------
Melee: Long sword        |    97 |   208 |    82 ||   387
  Use: Scroll            |     7 |     7 |     2 ||    16
       Potion            |       |       |     2 ||     2
  Eat: Chunk             |     2 |     9 |     3 ||    14
Armor: Scale mail        |    35 |    38 |       ||    73
       Chain mail        |       |    65 |    57 ||   122
Dodge: Dodged            |    34 |    39 |    17 ||    90
Block: Kite shield       |    46 |   103 |    35 ||   184
       Rpst.: Long sword |    11 |    13 |     6 ||    30

Table legend:
 A = Non-vault XP
 B = Vault XP
 C = Vault XP percentage of total XP
 D = Non-vault monster count
 E = Vault monster count
 F = Vault count percentage of total count
                 A         B        C        D         E       F
            +---------+---------+-------+---------+---------+-------
      Total |     657 |     241 |  26.8 |      79 |       6 |   7.1
            +---------+---------+-------+---------+---------+-------
        D:1 |      34 |       0 |   0.0 |      17 |       0 |   0.0
        D:2 |     133 |       0 |   0.0 |      21 |       0 |   0.0
        D:3 |     216 |       0 |   0.0 |      24 |       0 |   0.0
        D:4 |     160 |     241 |  60.1 |       9 |       6 |  40.0
        D:5 |     114 |       0 |   0.0 |       8 |       0 |   0.0
            +---------+---------+-------+---------+---------+-------
